 Dungeon Crawl Stone Soup version 0.31-a0-765-g67fe2935dc (webtiles) character file.

Game seed: 17236848617582519964

10156 ooooo the Jinx (level 11, 0/72 HPs)
             Began as an Octopode Conjurer on Sept 15, 2023.
             Was an Initiate of Gozag.
             Slain by a killer bee (3 damage)
             ... while petrified by a basilisk
             ... on level 1 of the Lair of Beasts.
             The game lasted 00:51:59 (17663 turns).

ooooo the Jinx (Octopode Conjurer)                 Turns: 17663, Time: 00:52:00

Health: 0/72       AC:  1    Str:  7    XL:     11   Next: 57%
Magic:  20/27      EV:  2    Int: 30    God:    Gozag
Gold:   1159       SH:  0    Dex: 17    Spells: 9/20 levels left

rFire   . . .        n - staff of poison
rCold   . . .        G - +0 buckler "Wiomoh" {Int+6}
rNeg    + + +        (helmet restricted)
rPois   ∞            (no amulet)
rElec   .            o - +6 ring of dexterity
rCorr   .            A - ring of magical power
SInv    .            (no ring)
Will    .....        (no ring)
Stlth   ++++         (no ring)
HPRegen 0.32/turn    (no ring)
MPRegen 0.20/turn    (no ring)
                     (no ring)

%: no passive effects
@: lethally poisoned (0 -> 0), petrified
A: almost no armour, amphibious, 8 rings, camouflage 1, gelatinous body 1,
(nimble swimmer 1), tentacles
a: Renounce Religion, Potion Petition, Call Merchant, Bribe Branch


You were on level 1 of the Lair of Beasts.
You worshipped Gozag.
Gozag was most pleased with you.
You visited 2 branches of the dungeon, and saw 10 of its levels.

You collected 1500 gold pieces.
You spent 299 gold pieces at shops.
You paid 42 gold pieces to Gozag.

Inventory:

Hand Weapons
 d - a +1 short sword
 C - the +10 sling of Disaster {drain, Dex+2}
   (You found it on level 6 of the Dungeon)

   Dex+2:     It affects your dexterity (+2).
 I - the +1 shortbow of Peace {freeze, Will+ Dex+2}
   (You found it on level 1 of the Lair of Beasts)

   Dex+2:     It affects your dexterity (+2).
   Will+:     It increases your willpower.
Armour
 G - the +0 buckler "Wiomoh" (worn) {Int+6}
   (You found it on level 8 of the Dungeon)

   Int+6:     It affects your intelligence (+6).
Magical Staves
 n - a staff of poison (weapon)
Jewellery
 o - a +6 ring of dexterity (left tentacle)
 A - a ring of magical power (right tentacle)
Talismans
 j - a beast talisman
 r - a serpent talisman
Wands
 i - a wand of light (2)
 t - a wand of roots (16)
 y - a wand of polymorph (25)
 z - a wand of digging (3)
 D - a wand of flame (14)
Scrolls
 a - a scroll of blinking
 b - 5 scrolls of teleportation
 f - a scroll of torment {unknown}
 g - a scroll of enchant weapon
 k - a scroll of brand weapon {unknown}
 l - 2 scrolls of immolation
 m - a scroll of acquirement {unknown}
 p - a scroll of summoning {unknown}
 q - 2 scrolls of fog
 B - a scroll of enchant armour {unknown}
 E - a scroll of vulnerability
Potions
 c - 2 potions of might
 e - 3 potions of enlightenment
 h - 2 potions of lignification
 s - 4 potions of ambrosia
 u - a potion of attraction
 v - 4 potions of curing
 w - 2 potions of haste
 x - a potion of brilliance
 F - a potion of heal wounds
 H - a potion of magic


   Skills:
 - Level 6.0 Fighting
 - Level 6.0 Dodging
 - Level 6.0 Stealth
 + Level 5.8 Shields
 - Level 5.0 Spellcasting
 - Level 8.0 Conjurations
 - Level 8.1 Hexes
 - Level 8.0 Translocations


You had 9 spell levels left.
You knew the following spells:

 Your Spells              Type           Power      Damage    Failure   Level
a - Searing Ray           Conj           100%       2d8       1%          2
b - Magic Dart            Conj           100%       1d8       1%          1
c - Fulminant Prism       Conj/Hex       27%        3d13      3%          4
d - Iskenderun's Mystic   Conj/Tloc      53%        2d11      3%          4

Your spell library contained the following spells:

 Spells                   Type           Power      Damage    Failure   Level
 Kiss of Death            Conj/Necr      100%       2d13      1%          1
 Slow                     Hex            100%       N/A       1%          1
 Confusing Touch          Hex            54%        N/A       1%          3
 Dazzling Flash           Conj/Hex       100%       N/A       1%          3
 Sigil of Binding         Hex            54%        N/A       1%          3
 Ensorcelled Hibernation  Hex/Ice        64%        N/A       2%          2
 Dimensional Bullseye     Hex/Tloc       27%        N/A       3%          4
 Passwall                 Tmut/Erth      5%         N/A       13%         2
 Leda's Liquefaction      Hex/Erth       16%        N/A       16%         4
 Call Canine Familiar     Summ           7%         N/A       26%         3
 Swiftness                Air            7%         N/A       26%         3
 Vampiric Draining        Necr           7%         2d6       26%         3
 Dispel Undead            Necr           7%         3d8       65%         4
 Olgreb's Toxic Radiance  Pois           11%        N/A       65%         4
 Haunt                    Necr/Summ      3%         N/A       100%        7
 Discord                  Hex            27%        N/A       100%        8
 Ignition                 Fire           3%         3d4       100%        8
 Infestation              Necr           3%         N/A       100%        8
 Animate Dead             Necr           Unusable   N/A       N/A         4

Dungeon Overview and Level Annotations

Branches:
Dungeon (8/15) Zot: 24610  Temple (0/1) D:6            Lair (2/5) D:8 Zot: 9530
  Swamp: Lair:2-3    Shoals: Lair:2-3     Snake: Lair:2-3    Spider: Lair:2-3

Altars:
Cheibriados
Dithmenos
Gozag
Kikubaaqudgha
Qazlal
Ru
Uskayaw
Xom

Shops:
D:4 [   D:5 !

Annotations:
D:8 3 runed translucent doors, Newt's ghost, novice DsGl; olddryhag's ghost, novice GnRe; pants's ghost, novice HOFi


Innate Abilities, Weirdness & Mutations

You cannot wear most types of armour.
You are amphibious.
You can wear up to eight rings at the same time.
Your skin changes colour to match your surroundings (Stealth+).
Your rubbery body absorbs attacks. (AC +1, EV +1)
((You are camouflaged when in or above water. (Stealth+)))
You have tentacles for arms and can constrict up to eight enemies at once.


Message History

The killer bee is almost dead.
The killer bee is knocked back by the mystic blast.
The mystic blast hits the komodo dragon!
The komodo dragon is moderately wounded.
The komodo dragon is knocked back by the mystic blast.
The mystic blast hits the wyvern.
The wyvern is lightly wounded.
The mystic blast hits the killer bee!
The killer bee is severely wounded.
The killer bee is knocked back by the mystic blast.
You feel sick.
You hear an angry buzzing noise.
You hear an angry hiss.
You block the wyvern's attack.
A killer bee comes into view.
A basilisk comes into view.
The wyvern bites you.
Casting: Iskenderun's Mystic Blast (dangerous; 3% risk of failure)
Confirm with . or Enter, or press ? or * to list all spells.
You erupt in a blast of force!
The mystic blast hits the wyvern.
The wyvern is moderately wounded.
You feel sick.
You hear an angry hiss.
The wyvern bites you!!
* * * LOW HITPOINT WARNING * * *
A water moccasin comes into view.
The basilisk gazes at you.
You are slowing down.
Blink to where?
Press: ? - help, Dir - move target
Okay, then.
You feel sick. You block the killer bee's attack. The wyvern bites you!!
* * * LOW HITPOINT WARNING * * *
The killer bee closely misses you. You block the killer bee's attack.
The wyvern bites you. The killer bee closely misses you. x2
Your limbs are stiffening.
You climb upwards.
* * * LOW HITPOINT WARNING * * *
You feel sick.
You have turned to stone.
The killer bee stings you.
You die...
Your body crumbles into a pile of gold.

##....##............[...
#......#................
##....##................
#....####..............
###....#####.............
#.#....##.##.............
#........................ #
######.......y................
####P#.##......)@................
.................l...............
.................................
.................................
.................................
.................................
.................................
.................................
.................................


You could see a wyvern and a killer bee.

Vanquished Creatures
  2 death yaks (Lair:1)
  Amaemon (Lair:1)
  Pikel (D:4)
  An orange demon (Lair:2)
  Joseph (D:7)
  A cane toad (Lair:1)
  2 komodo dragons (Lair:1)
  A rime drake (Lair:1)
  An ice devil (Lair:1)
  A troll (D:7)
  A polar bear (Lair:1)
  A shadow (D:5)
  Sigmund (D:4)
  4 wyverns
  9 yaks
  A steam dragon (D:6)
  Menkaure (D:5)
  Edmund (D:4)
  7 water moccasins
  2 black bears
  4 wolves (Lair:1)
  4 lemures
  A phantom (D:5)
  2 centaurs
  2 kobold brigands
  Blork the orc (D:6)
  3 bullfrogs
  2 scorpions
  An elephant simulacrum (Lair:1)
  8 killer bees
  5 hounds
  A jelly (D:7)
  2 orc priests
  2 gnoll boudas
  Crazy Yiuf (D:4)
  3 iguanas
  A polar bear simulacrum (Lair:1)
  A troll simulacrum (Lair:1)
  A spriggan simulacrum (Lair:1)
  Robin (D:3)
  7 gnolls
  9 adders
  A shadow imp (D:7)
  A white imp (D:5)
  An ufetubus (D:7)
  3 worms
  A dart slug (D:4)
  12 orcs
  5 ball pythons
  3 bats
  10 endoplasms
  5 giant cockroaches
  14 goblins
  7 hobgoblins
  5 jackals (D:1)
  2 quokkas
  3 frilled lizards
  20 kobolds
  3 rats
198 creatures vanquished.

Vanquished Creatures (others)
  An orc (D:4)
  126 fulminant prisms
127 creatures vanquished.

Grand Total: 325 creatures vanquished

Notes
Turn   | Place    | Note
-------+----------+-------------------------------------------
     0 | D:1      | ooooo the Octopode Conjurer began the quest for the Orb.
     0 | D:1      | Reached XP level 1. HP: 11/11 MP: 3/3
   195 | D:1      | Reached XP level 2. HP: 17/17 MP: 1/5
   237 | D:1      | Learned a level 2 spell: Searing Ray
   802 | D:1      | Reached XP level 3. HP: 21/21 MP: 3/6
   974 | D:1      | Reached skill level 5 in Conjurations
  1739 | D:2      | Reached skill level 1 in Fighting
  2233 | D:3      | Found a hide-covered altar of Uskayaw.
  2263 | D:3      | Reached skill level 1 in Hexes
  2367 | D:3      | Reached XP level 4. HP: 28/28 MP: 3/7
  2412 | D:3      | Noticed Robin
  3370 | D:3      | Killed Robin
  3731 | D:3      | Learned a level 4 spell: Fulminant Prism
  3753 | D:4      | Reached XP level 5. HP: 34/34 MP: 2/8
  3890 | D:4      | Noticed a water moccasin
  4008 | D:4      | Found a runed translucent door.
  4009 | D:4      | Noticed Crazy Yiuf
  4042 | D:4      | Noticed Pikel
  4042 | D:4      | Noticed a lemure
  4042 | D:4      | Noticed a lemure
  4194 | D:4      | Reached XP level 6. HP: 35/41 MP: 2/9
  4566 | D:4      | Found Femux's Armour Shoppe.
  4872 | D:4      | Found an opulent altar of Gozag.
  5380 | D:4      | Became a worshipper of Gozag Ym Sagoz the Greedy
  5845 | D:4      | Killed Pikel
  5846 | D:4      | Reached skill level 5 in Hexes
  5846 | D:4      | Reached XP level 7. HP: 30/46 MP: 2/10
  5914 | D:4      | Reached XP level 8. HP: 17/52 MP: 2/11
  6155 | D:4      | Noticed Edmund
  6161 | D:4      | Noticed Sigmund
  6190 | D:4      | Killed Edmund
  6390 | D:4      | Killed Sigmund
  6540 | D:4      | Found a shadowy altar of Dithmenos.
  6615 | D:4      | Found a snail-covered altar of Cheibriados.
  6699 | D:4      | HP: 2/52 [Crazy Yiuf/+3 quarterstaff of chaos (19)]
  6707 | D:4      | Killed Crazy Yiuf
  6923 | D:4      | Learned a level 4 spell: Iskenderun's Mystic Blast
  6978 | D:5      | Entered Level 5 of the Dungeon
  7746 | D:5      | Noticed Menkaure
  7752 | D:5      | Killed Menkaure
  8185 | D:5      | Noticed an air elemental
  8187 | D:5      | Found a stormy altar of Qazlal.
  8191 | D:5      | Noticed a water elemental
  8223 | D:5      | Found a shimmering altar of Xom.
  8351 | D:5      | Reached XP level 9. HP: 54/58 MP: 5/12
  8913 | D:5      | Found Hysori's Distillery.
  9196 | D:5      | Bought a potion of attraction for 39 gold pieces
  9196 | D:5      | Bought a potion of curing for 39 gold pieces
  9196 | D:5      | Bought a potion of lignification for 39 gold pieces
  9196 | D:5      | Bought a potion of haste for 130 gold pieces
  9196 | D:5      | Bought a potion of brilliance for 52 gold pieces
  9361 | D:6      | Noticed Blork the orc
  9372 | D:6      | Killed Blork the orc
  9561 | D:6      | Reached skill level 1 in Translocations
  9970 | D:6      | Found a staircase to the Ecumenical Temple.
 10522 | D:6      | Identified the +10 sling of Disaster {drain, Dex+2}
 10958 | D:7      | Reached skill level 5 in Fighting
 11643 | D:7      | Reached skill level 5 in Dodging
 11748 | D:7      | Reached skill level 5 in Stealth
 11961 | D:7      | Noticed a troll
 12238 | D:7      | Found an ancient bone altar of Kikubaaqudgha.
 12269 | D:7      | Noticed Joseph
 12292 | D:7      | Killed Joseph
 12293 | D:7      | Reached XP level 10. HP: 29/66 MP: 0/14
 12572 | D:7      | Found a sacrificial altar of Ru.
 13971 | D:8      | Reached skill level 5 in Spellcasting
 14119 | D:8      | Found a staircase to the Lair.
 14174 | D:8      | Found a runed translucent gate.
 14176 | D:8      | Found a runed translucent gate.
 14176 | D:8      | Found a runed translucent gate.
 14176 | D:8      | Noticed olddryhag's ghost (novice GnRe)
 14178 | D:8      | Noticed pants's ghost (novice HOFi)
 14179 | D:8      | Noticed Newt's ghost (novice DsGl)
 14181 | D:8      | Identified the +0 buckler "Wiomoh" {Int+6}
 14710 | Lair:1   | Entered Level 1 of the Lair of Beasts
 14790 | Lair:1   | Reached skill level 1 in Shields
 14793 | Lair:1   | Reached skill level 5 in Translocations
 14838 | Lair:1   | Noticed a cane toad
 14845 | Lair:1   | Killed a cane toad
 16010 | Lair:1   | Noticed a death yak
 16010 | Lair:1   | Noticed a death yak
 16013 | Lair:1   | Reached XP level 11. HP: 54/71 MP: 18/18
 16036 | Lair:1   | Killed a death yak
 16036 | Lair:1   | Killed a death yak
 16037 | Lair:1   | Reached skill level 5 in Shields
 16289 | Lair:1   | Identified the +1 shortbow of Peace {freeze, Will+ Dex+2}
 17379 | Lair:2   | Noticed Amaemon
 17522 | Lair:1   | Killed Amaemon
 17661 | Lair:2   | HP: 3/72 [wyvern (12)]
 17663 | Lair:1   | Slain by a killer bee

Illustrated notes

Levels and vault maps discovered:
D:1:      mrwooster_arrival_statue_3, layout_loops_ring, glass_columns_c,
          kennysheep_boxes
D:2:      cheibrodos_old_hovel, layout_loops_corners,
          chequers_serial_rivers_small_a, chequers_decorated_corner
D:3:      layout_loops_ring, eat_drink_and_be_merry_uskayaw, serial_rivers,
          chequers_serial_rivers_small_a, chequers_serial_rivers_small_a,
          chequers_serial_rivers_micro_a, chequers_serial_rivers_small_b,
          chequers_serial_rivers_micro_d, chequers_serial_rivers_micro_a,
          nrook_campfire, uniq_robin
D:4:      layout_loops_ring, mainiacjoe_overflow_swirl,
          nicolae_gozag_cash_rules_everything_around_me, serial_shops, shop,
          sigmund_edmund_badplayer, uniq_crazy_yiuf_cottage, uniq_pikel
D:5:      layout_layer_cave, nicolae_qazlal_style_of_elements, xom_teletrap_fun,
          serial_shops, nicolae_lakefront_shop,
          minmay_fractal_squares_gapless_5, uniq_menkaure
D:6:      layout_loops_corners, minmay_temple_entry_junction, corexii_shack,
          uniq_blork_the_orc
D:7:      layout_loops_ring, mainiacjoe_overflow_six_doors_small,
          mainiacjoe_overflow_cross_hatched, kennysheep_dice, uniq_joseph
D:8:      layout_loops_ring, lair_entry_dummy, gammafunk_ghost_cemetery
Lair:1:   dreamdust_isle_of_ice, layout_gridlike
Lair:2:   regret_index_tunnel_blossom, layout_chaotic_city,
          alex1729_swamp_entry_worm_eleionoma, dummy_spider_entry,
          lemuel_centaur_altar, uniq_amaemon

Skill      XL: |  1  2  3  4  5  6  7  8  9 10 11 |
---------------+----------------------------------+-----
Conjurations   | 5 6 8 |  8.0
Fighting       | 1 2 3 4 5 6 |  6.0
Stealth        | 3 4 5 6 |  6.0
Hexes          | 1 2 3 6 7 8 |  8.1
Dodging        | 3 4 5 6 |  6.0
Translocations | 4 7 8 |  8.0
Spellcasting   | 3 5 |  5.0
Shields        | 4 5 |  5.8

Action                     |  1- 3 |  4- 6 |  7- 9 | 10-12 || total
---------------------------+-------+-------+-------+-------++-------
  Melee: Unarmed           |    12 |       |       |       ||    12
         Tentacles         |     5 |       |     7 |     2 ||    14
         Constrict         |     5 |     1 |     5 |     2 ||    13
         Punch             |     2 |       |       |       ||     2
         Short sword       |     7 |       |       |       ||     7
         Staff             |       |     4 |    23 |     9 ||    36
   Cast: Magic Dart        |    26 |     1 |       |       ||    27
         Searing Ray       |    15 |    44 |    17 |    11 ||    87
         Fulminant Prism   |       |     3 |    55 |    68 ||   126
         Iskenderun's Myst |       |       |     2 |    12 ||    14
  Evoke: Wand              |       |       |     6 |     5 ||    11
    Use: Scroll            |       |     4 |     5 |     4 ||    13
         Potion            |       |     5 |     1 |       ||     6
   Stab: Sleeping          |     1 |       |     2 |       ||     3
 Armour: Skin              |    10 |    29 |    36 |    33 ||   108
  Dodge: Dodged            |    12 |    39 |    42 |    31 ||   124
  Block: Buckler           |       |       |       |    13 ||    13

Table legend: (Time is in decaauts)
 A = Elapsed time spent in this place.
 B = Non-inter-level travel time spent in this place.
 C = Inter-level travel time spent in this place.
 D = Time resting spent in this place.
 E = Time spent auto-exploring this place.
 F = Levels seen in this place.
 G = Mean time per level.
                   A        B        C        D        E       F      G
               +--------+--------+--------+--------+--------+-----+--------+
         Total |  17656 |  17332 |    324 |   6447 |   8643 |  10 | 1765.6 |
       Dungeon |  15187 |  14886 |    301 |   5102 |   7968 |   8 | 1898.4 |
          Lair |   2468 |   2445 |     23 |   1345 |    675 |   2 | 1234.0 |
               +--------+--------+--------+--------+--------+-----+--------+

Top non-repeatable levels by time:
     D:4: 2724 daAuts
  Lair:1: 2443 daAuts
     D:5: 2318 daAuts
     D:7: 2089 daAuts
     D:3: 2076 daAuts
     D:8: 2068 daAuts
     D:6: 1752 daAuts
     D:2: 1131 daAuts
     D:1: 1026 daAuts
  Lair:2: 25 daAuts
